 Dungeon Crawl Stone Soup version 0.29-a0-541-gaf1fc19f1b (webtiles) character file.

Game seed: 11842983731340805331

8445 happo123 the Covert (level 11, -7/64 HPs)
             Began as a Kobold Enchanter on June 2, 2022.
             Was a Priest of Dithmenos.
             Mangled by a death yak (14 damage)
             ... on level 10 of the Dungeon.
             The game lasted 00:41:48 (12389 turns).

happo123 the Covert (Kobold Enchanter)             Turns: 12389, Time: 00:41:48

Health: -7/64      AC:  7    Str:  7    XL:     11   Next: 55%
Magic:  6/20       EV: 19    Int: 23    God:    Dithmenos [***...]
Gold:   280        SH:  8    Dex: 21    Spells: 6/22 levels left

rFire   . . .      SeeInvis .   m - +3 dagger (speed)
rCold   . . .      Faith    .   K - +3 warlock's mirror {reflect}
rNeg    . . .      Spirit   .   b - +0 robe
rPois   .          Reflect  +   C - +1 helmet {Int+3}
rElec   .          Harm     .   H - +0 cloak
rCorr   .          Rampage  .   (no gloves)
Will    +....                   k - +1 pair of boots {Stlth+}
Stlth   +++++++++.              (no amulet)
HPRegen 0.20/turn               f - ring of willpower
MPRegen 0.17/turn               N - +6 ring of dexterity

@: confusing by touch, wreathed by umbra
A: small, no large weapons, nightstalker 3
a: Renounce Religion, Shadow Step


You were on level 10 of the Dungeon.
You worshipped Dithmenos.
Dithmenos was most pleased with you.
You visited 2 branches of the dungeon, and saw 11 of its levels.

You collected 452 gold pieces.
You spent 172 gold pieces at shops.

Inventory:

Hand Weapons
 a - a +1 dagger
 m - a +3 dagger of speed (weapon)
Missiles
 q - 4 throwing nets
Armour
 b - a +0 robe (worn)
 k - a +1 pair of boots of stealth (worn)
 y - a +0 kite shield
 C - a +1 helmet of intelligence (worn)
 D - a +3 chain mail of willpower
 H - a +0 cloak (worn)
 K - the +3 warlock's mirror (worn) {reflect}
   (You found it on level 7 of the Dungeon)

   It can block and reflect piercing ranged attacks and magical attacks against
   the wielder's willpower.
Magical Staves
 A - a staff of death
Jewellery
 f - a ring of willpower (left hand)
 J - a +6 ring of intelligence
 N - a +6 ring of dexterity (right hand)
 O - a ring of flight
Wands
 z - a wand of flame (38)
 M - a wand of polymorph (12)
Scrolls
 d - 2 scrolls of blinking {unknown}
 h - a scroll of identify
 i - 3 scrolls of enchant weapon
 p - 3 scrolls of poison
 s - 10 scrolls of teleportation
 t - 2 scrolls of fear {unknown}
 u - 3 scrolls of immolation {unknown}
 v - 5 scrolls of amnesia
 w - 2 scrolls of magic mapping {unknown}
 B - a scroll of noise {unknown}
 G - a scroll of torment {unknown}
 L - 3 scrolls of enchant armour
 P - a scroll of fog {unknown}
Potions
 c - 3 potions of invisibility
 e - 4 potions of might {unknown}
 g - 4 potions of heal wounds
 j - 2 potions of brilliance {unknown}
 l - 6 potions of curing
 n - a potion of attraction {unknown}
 o - a potion of haste {unknown}
 r - 2 potions of mutation {unknown}
 x - a potion of flight {unknown}
 E - a potion of degeneration {unknown}
 F - 2 potions of magic {unknown}
 I - a potion of resistance {unknown}


   Skills:
 + Level 6.2 Fighting
 + Level 7.8 Short Blades
 + Level 4.0 Armour
 + Level 7.6 Dodging
 + Level 9.3 Stealth
 + Level 6.3 Spellcasting
 * Level 8.9 Hexes
 + Level 5.7 Invocations


You had 6 spell levels left.
You knew the following spells:

 Your Spells              Type           Power      Damage    Failure   Level
a - Ensorcelled Hibernat  Hex/Ice        54%        N/A       3%          2
b - Confusing Touch       Hex            48%        N/A       1%          3
c - Tukima's Dance        Hex            48%        N/A       1%          3
d - Dazzling Flash        Conj/Hex       54%        N/A       6%          3
e - Cause Fear            Hex            24%        N/A       3%          4
f - Slow                  Hex            100%       N/A       1%          1

Your spell library contained the following spells:

 Spells                   Type           Power      Damage    Failure   Level
 Apportation              Tloc           14%        N/A       13%         1
 Vampiric Draining        Necr           7%         2d6       36%         3
 Iskenderun's Mystic Bla  Conj/Tloc      7%         2d4       77%         4
 Alistair's Intoxication  Tmut/Pois      4%         N/A       98%         5
 Starburst                Conj/Fire      3%         6d3       100%        6
 Dragon Form              Tmut           3%         N/A       100%        7
 Dragon's Call            Summ           3%         N/A       100%        9


Dungeon Overview and Level Annotations

Branches:
Dungeon (10/15)            Temple (1/1) D:4            Lair (0/6) D:10
    Orc: D:9-12

Altars:
Ashenzari
Cheibriados
Dithmenos
Elyvilon
Fedhas
Gozag
Hepliaklqana
Kikubaaqudgha
Makhleb
Nemelex Xobeh
Okawaru
Qazlal
Sif Muna
Trog
Uskayaw
Vehumet
Wu Jian
Xom
Yredelemnul
The Shining One

Shops:
D:2 [   D:4 !   D:7 *([


Innate Abilities, Weirdness & Mutations

You are small and have problems with some larger weapons.
You are completely attuned to the shadows.


Message History

The death yak resists with almost no effort.
Casting: Ensorcelled Hibernation (safe; 3% risk of failure)
Confirm with . or Enter, or press ? or * to list all spells.
Your hands begin to glow red.
The death yak gores you.
You hit the death yak but do no damage. You hit the death yak but do no damage.
You block the death yak's attack.
You hit the death yak but do no damage. You hit the death yak but do no damage.
The death yak gores you!!
You hit the death yak but do no damage. You hit the death yak but do no damage.
The death yak gores you!
You hit the death yak but do no damage. You hit the death yak but do no damage.
The death yak closely misses you.
You hit the death yak but do no damage. You hit the death yak but do no damage.
Something hits you!
* * * LOW HITPOINT WARNING * * *
Deactivating autopickup; reactivate with Ctrl-A.
You block the death yak's attack.
You hit the death yak but do no damage. Something hits you but does no damage.
The death yak attacks as you move away! You block the death yak's attack.
Something hits you!
* * * LOW HITPOINT WARNING * * *
A death yak is nearby!
Okay, then.
Casting: Confusing Touch (safe; 1% risk of failure)
Confirm with . or Enter, or press ? or * to list all spells.
You don't know that spell.
Casting: Confusing Touch (safe; 1% risk of failure)
Confirm with . or Enter, or press ? or * to list all spells.
Casting: Cause Fear (dangerous; 3% risk of failure)
Press: ? - help, Dir - look around, f - activate The death yak easily resists.
Something barely misses you. The death yak closely misses you.
Casting: Cause Fear (dangerous; 3% risk of failure)
Confirm with . or Enter, or press ? or * to list all spells.
Casting: Cause Fear (dangerous; 3% risk of failure)
Press: ? - help, Dir - look around, f - activate Look: a death yak (chance to confuse on hit: 10%, umbra, chance to affect: 16%)
The death yak resists with almost no effort.
The death yak gores you!
You die...

.... .. #...#
.........####.#.##.
......#.##.........
.#....#.............#..
..#.........†.......#.^
.#....#......†#.....###
#.........#.>..........
.....Y.............####
..###+@.......†........
. #..............####
#..............#
#......#########
#.#####


You could see a death yak.

Vanquished Creatures
  2 two-headed ogres (D:9)
  2 death yaks (D:10)
  Urug (D:9)
  A wraith (D:10)
  4 yaks (D:10)
  A steam dragon (D:8)
  Edmund (D:4)
  A water moccasin (D:6)
  4 orc warriors
  An ice beast (D:5)
  A sky beast (D:7)
  3 black bears
  A centaur (D:6)
  10 bullfrogs
  2 gnoll sergeants
  4 necrophages
  3 scorpions
  8 wights
  16 killer bees
  A centaur zombie (D:8)
  5 hounds
  2 gnoll shamans
  7 orc priests
  2 iguanas
  6 orc wizards
  Ijyb (D:5)
  2 mummies (D:8)
  10 adders
  33 gnolls
  A river rat (D:10)
  A white imp (D:6)
  3 ufetubi
  3 worms
  2 dart slugs
  30 orcs
  3 endoplasms
  4 giant cockroaches
  8 goblins
  7 hobgoblins
  3 quokkas
  8 ball pythons
  3 bats
  5 frilled lizards
  5 kobolds
  4 rats
225 creatures vanquished.

Vanquished Creatures (collateral kills)
  2 wights (D:7)
  A gnoll (D:9)
  2 orcs (D:8)
5 creatures vanquished.

Vanquished Creatures (others)
  A dancing weapon (D:9)
  2 demonic plants (D:3)
3 creatures vanquished.

Grand Total: 233 creatures vanquished

Notes
Turn   | Place    | Note
-------+----------+-------------------------------------------
     0 | D:1      | happo123 the Kobold Enchanter began the quest for the Orb.
     0 | D:1      | Reached XP level 1. HP: 10/10 MP: 3/3
   281 | D:1      | Reached XP level 2. HP: 15/15 MP: 5/5
   284 | D:1      | Learned a level 2 spell: Ensorcelled Hibernation
   913 | D:1      | Reached XP level 3. HP: 20/20 MP: 6/6
   917 | D:1      | Learned a level 3 spell: Confusing Touch
  1790 | D:2      | Found Xumom's Antique Armour Emporium.
  1876 | D:2      | Reached XP level 4. HP: 24/24 MP: 7/7
  2104 | D:3      | Reached skill level 1 in Fighting
  2152 | D:3      | Reached XP level 5. HP: 28/29 MP: 4/9
  2157 | D:3      | Learned a level 3 spell: Tukima's Dance
  2663 | D:3      | Reached XP level 6. HP: 22/35 MP: 0/10
  2851 | D:3      | Noticed an orange demon
  2856 | D:3      | Found a faded altar of an unknown god.
  3198 | D:4      | Found Unoevoolixt's Distillery.
  3391 | D:4      | Reached skill level 5 in Stealth
  3530 | D:4      | Found a staircase to the Ecumenical Temple.
  3535 | Temple   | Entered the Ecumenical Temple
  3788 | Temple   | Became a worshipper of Dithmenos the Shadowed
  3975 | D:4      | Found a sparkling altar of Nemelex Xobeh.
  4532 | D:4      | Noticed a black bear
  4539 | D:4      | Killed a black bear
  4540 | D:4      | Reached skill level 1 in Invocations
  4540 | D:4      | Reached XP level 7. HP: 34/40 MP: 7/12
  4942 | D:4      | Noticed Edmund
  4955 | D:4      | Killed Edmund
  5215 | D:2      | Bought a pair of glowing boots for 172 gold pieces
  5266 | D:5      | Entered Level 5 of the Dungeon
  5266 | D:5      | Noticed Ijyb
  5268 | D:5      | Killed Ijyb
  5270 | D:5      | Reached skill level 5 in Hexes
  5531 | D:5      | Reached XP level 8. HP: 45/45 MP: 13/13
  5535 | D:5      | Learned a level 3 spell: Dazzling Flash
  5909 | D:5      | Reached skill level 6 in Stealth
  6329 | D:6      | Reached skill level 1 in Armour
  6433 | D:6      | Found a blossoming altar of Fedhas.
  6629 | D:5      | Reached * piety under Dithmenos
  6740 | D:6      | Reached skill level 5 in Dodging
  7133 | D:6      | Reached skill level 5 in Short Blades
  7133 | D:6      | Reached XP level 9. HP: 48/51 MP: 10/15
  7215 | D:6      | Identified the +6 great sword "Widowmaker" {vorpal, rC+
                  | Dex+2}
  7608 | D:6      | Found a hazy altar of Hepliaklqana.
  7723 | D:7      | Found Nuot's Armour Shop.
  7756 | D:7      | Found the +3 warlock's mirror {reflect}
  7933 | D:7      | Reached skill level 7 in Stealth
  8376 | D:7      | Found Wuar Dee's Antique Weapon Shoppe.
  8836 | D:7      | Reached ** piety under Dithmenos
  8898 | D:7      | Found a glowing golden altar of the Shining One.
  8902 | D:7      | Reached XP level 10. HP: 58/58 MP: 17/17
  9050 | D:7      | Found Yxkublea's Assorted Antiques.
  9110 | D:7      | Reached skill level 5 in Spellcasting
  9646 | D:8      | Reached skill level 8 in Stealth
  9709 | D:8      | Reached skill level 5 in Fighting
 10423 | D:9      | Noticed a two-headed ogre
 10429 | D:9      | Killed a two-headed ogre
 10523 | D:9      | Learned a level 4 spell: Cause Fear
 10525 | D:9      | Learned a level 1 spell: Slow
 11201 | D:9      | Noticed a two-headed ogre
 11217 | D:9      | Killed a two-headed ogre
 11218 | D:9      | Reached skill level 5 in Invocations
 11548 | D:9      | Reached XP level 11. HP: 64/64 MP: 14/19
 11589 | D:9      | Reached *** piety under Dithmenos
 12029 | D:10     | Entered Level 10 of the Dungeon
 12029 | D:10     | Noticed Urug
 12045 | D:9      | Killed Urug
 12231 | D:10     | Reached skill level 9 in Stealth
 12273 | D:10     | Noticed a death yak
 12274 | D:10     | Noticed a death yak
 12278 | D:10     | Found a staircase to the Lair.
 12282 | D:10     | Killed a death yak
 12287 | D:10     | Killed a death yak
 12290 | D:10     | Noticed a death yak
 12389 | D:10     | Mangled by a death yak

Illustrated notes

Levels and vault maps discovered:
D:1:      pf_arrival_petrified_forest, layout_rooms
D:2:      layout_basic, serial_shops, shop, minivault_25, minmay_misc_feat_doors
D:3:      layout_loops_ring, dreamdust_ecumenical_altar_sealed_demon,
          hangedman_glass_teeth
D:4:      layout_loops_corners, mainiacjoe_overflow_24_doors,
          minmay_temple_entry_butterflies, nicolae_stop_n_shop_1, uniq_edmund
D:5:      layout_loops_cross, uniq_ijyb
D:6:      layout_cave_pods, mainiacjoe_overflow_alcove_2, fedhas_altar_1
D:7:      layout_gridville, mainiacjoe_overflow_concentric_impassable,
          serial_shops, shop, nicolae_take_the_stairs, kennysheep_mini_moat
D:8:      layout_gridville, serial_undead, serial_undead_e, serial_undead_d,
          serial_undead_d, serial_undead_d, serial_undead_c,
          nicolae_figureground_pulse
D:9:      layout_loops_ring
D:10:     layout_basic, nicolae_ru_awakened_eye, old_standard_altar,
          dpeg_lair_monsters, david_orc_1_choice, serial_shops, shop,
          nicolae_trove_entry_path_of_doom, corexii_checkpoint_a, uniq_urug
Temple:   nicolae_temple_elliptical

Skill      XL: |  1  2  3  4  5  6  7  8  9 10 11 |
---------------+----------------------------------+-----
Short Blades   | 2 3 4 5 6 7 |  7.8
Dodging        | 3 4 5 6 7 |  7.6
Fighting       | 1 2 3 4 5 6 |  6.2
Spellcasting   | 3 4 5 6 |  6.3
Hexes          | 4 5 7 8 |  8.9
Stealth        | 5 6 7 8 9 |  9.3
Invocations    | 1 2 3 5 |  5.7
Armour         | 1 2 3 4 |  4.0

Action                   |  1- 3 |  4- 6 |  7- 9 | 10-12 || total
-------------------------+-------+-------+-------+-------++-------
Melee: Dagger            |    69 |    86 |   195 |   195 ||   545
       Punch             |     1 |     1 |       |       ||     2
 Cast: Ensorcelled Hiber |    11 |    30 |    52 |    44 ||   137
       Confusing Touch   |       |     3 |    12 |    14 ||    29
       Tukima's Dance    |       |       |     3 |     2 ||     5
       Cause Fear        |       |       |       |     2 ||     2
  Use: Scroll            |       |       |       |     7 ||     7
 Stab: Sleeping          |    19 |    30 |    58 |    49 ||   156
       Confused          |       |     3 |     6 |    11 ||    20
       Distracted        |       |       |     1 |     1 ||     2
Armor: Robe              |    14 |     8 |    24 |    11 ||    57
Dodge: Dodged            |    40 |    47 |   120 |    83 ||   290
Block: Buckler           |       |       |    22 |    53 ||    75
       Reflection        |       |       |       |     1 ||     1

Table legend: (Time is in decaauts)
 A = Elapsed time spent in this place.
 B = Non-inter-level travel time spent in this place.
 C = Inter-level travel time spent in this place.
 D = Time resting spent in this place.
 E = Time spent auto-exploring this place.
 F = Levels seen in this place.
 G = Mean time per level.
                   A        B        C        D        E       F      G
               +--------+--------+--------+--------+--------+-----+--------+
         Total |  12164 |  11345 |    819 |   1486 |   8109 |  11 | 1105.8 |
       Dungeon |  11894 |  11113 |    781 |   1486 |   7896 |  10 | 1189.4 |
        Temple |    269 |    231 |     38 |      0 |    213 |   1 |  269.0 |
               +--------+--------+--------+--------+--------+-----+--------+

Top non-repeatable levels by time:
     D:9: 1804 daAuts
     D:4: 1671 daAuts
     D:7: 1377 daAuts
     D:6: 1332 daAuts
     D:1: 1253 daAuts
     D:3: 1225 daAuts
     D:5: 1152 daAuts
     D:8: 1089 daAuts
     D:2: 796 daAuts
  Temple: 269 daAuts
    D:10: 192 daAuts
